 Dungeon Crawl Stone Soup version 0.31.0-11-ge490571c62 (webtiles) character file.

Game seed: 9004867822551444575

144 Arcadio the Digger (level 5, -3/28 HPs)
             Began as a Gargoyle Earth Elementalist on Jan 27, 2024.
             Killed by divine providence
             ... invoked by an orc priest
              (15 damage)
             ... on level 2 of the Dungeon.
             The game lasted 00:05:23 (3269 turns).

Arcadio the Digger (Gargoyle Earth Elementalist)    Turns: 3269, Time: 00:05:23

Health: -3/28      AC: 10    Str: 11    XL:     5   Next: 26%
Magic:  4/9        EV: 11    Int: 18    God:
Gold:   123        SH:  0    Dex: 10    Spells: 2/10 levels left

rFire   . . .        d - +0 falchion
rCold   . . .        (no shield)
rNeg    + . .        f - +0 leather armour
rPois   ∞            (no helmet)
rElec   +            (no cloak)
rCorr   .            e - +0 pair of gloves
SInv    .            m - +1 pair of boots
Will    .....        (no amulet)
Stlth   ++           (no ring)
HPRegen 0.24/turn    (no ring)
MPRegen 0.11/turn

%: no passive effects
@: no status effects
A: sickness immunity, AC +4, negative energy resistance 1, electricity
resistance, torment resistance 1, petrification resistance
a: no special abilities


You were on level 2 of the Dungeon.
You visited 1 branch of the dungeon, and saw 3 of its levels.

You collected 143 gold pieces.
You spent 20 gold pieces at shops.

Inventory:

Hand Weapons
 d - a +0 falchion (weapon)
Armour
 a - a +0 robe
 e - a +0 pair of gloves (worn)
 f - a +0 leather armour (worn)
 i - a +0 scale mail
 m - a +1 pair of boots (worn)
 n - a +0 ring mail
Jewellery
 p - an amulet of magic regeneration
Scrolls
 h - a scroll of amnesia {unknown}
 j - 2 scrolls of blinking
 k - a scroll of fog {unknown}
 l - 2 scrolls of teleportation
 o - a scroll of vulnerability {unknown}
 q - a scroll of torment {unknown}
Potions
 b - a potion of magic
 c - a potion of resistance {unknown}
 g - a potion of curing


   Skills:
 + Level 2.9 Armour
 - Level 1.5 Dodging
 - Level 2.1 Stealth
 + Level 3.2 Spellcasting
 - Level 1.1 Conjurations
 + Level 4.9 Earth Magic


You had 2 spell levels left.
You knew the following spells:

 Your Spells              Type           Power      Damage    Failure   Level
a - Sandblast             Erth           40%        2d10      2%          1
b - Stone Arrow           Conj/Erth      26%        3d8       17%         3
c - Brom's Barrelling Bo  Conj/Erth      13%        2d4       50%         4

Your spell library contained the following spells:

 Spells                   Type           Power      Damage    Failure   Level
 Passwall                 Erth           20%        N/A       8%          3
 Petrify                  Alch/Erth      11%        N/A       58%         4
 Summon Forest            Summ/Tloc      1%         N/A       99%         5
 Eringya's Noxious Bog    Alch           1%         4d6       100%        6
 Summon Hydra             Summ           1%         N/A       100%        7


Dungeon Overview and Level Annotations

Branches:
Dungeon (3/15)

Altars:
Zin

Shops:
D:1 [   D:2 ?


Innate Abilities, Weirdness & Mutations

You are immune to sickness and miasma.
Your stone body is resilient. (AC +4)
You are immune to poison.
You resist negative energy. (rN+)
You are resistant to electric shocks. (rElec)
You are resistant to unholy torment.
You are immune to petrification.


Message History

You climb upwards.
There is a stone staircase leading down here.
Casting: Sandblast (safe; 2% risk of failure)
Confirm with . or Enter, or press ? or * to list all spells.
Aiming: Sandblast (safe; 2% risk of failure)
Press: ? - help, Shift-Dir - straight line, f - orc
Aim: an orc, wielding a +0 flail and wearing a +0 chain mail (heavily wounded, 87% to hit)
The blast of sand hits the orc.
The orc is heavily wounded.
The orc closely misses you.
The orc priest hits you but does no damage.
The orc hits you but does no damage. The orc priest misses you.
Casting: Sandblast (safe; 2% risk of failure)
Confirm with . or Enter, or press ? or * to list all spells.
Aiming: Sandblast (safe; 2% risk of failure)
Press: ? - help, Shift-Dir - straight line, f/p - orc
Aim: an orc, wielding a +0 flail and wearing a +0 chain mail (heavily wounded, 87% to hit)
The blast of sand hits the orc!
You kill the orc!
The orc priest hits you with a +0 hand axe.
Casting: Sandblast (safe; 2% risk of failure)
Confirm with . or Enter, or press ? or * to list all spells.
Aiming: Sandblast (safe; 2% risk of failure)
Press: ? - help, Shift-Dir - straight line, f - orc priest
Aim: an orc priest, wielding a +0 hand axe and wearing a +0 ring mail (85% to hit)
The blast of sand hits the orc priest!
The orc priest is severely wounded.
The orc priest hits you but does no damage.
The orc priest hits you with a +0 hand axe.
Casting: Sandblast (safe; 2% risk of failure)
Confirm with . or Enter, or press ? or * to list all spells.
Aiming: Sandblast (safe; 2% risk of failure)
Press: ? - help, Shift-Dir - straight line, f/p - orc priest
Aim: an orc priest, wielding a +0 hand axe and wearing a +0 ring mail (severely wounded, 85% to hit)
The blast of sand hits the orc priest but does no damage.
The orc priest is severely wounded.
The orc priest mumbles some strange prayers to Beogh against you.
Beogh smites you!
Ouch! That really hurt!
You die...

#...##
#####....#######
...............#
...........###.###
####..........#..#
#.......###.#.#
###...### #.#.# ###
#...#
#.#)################
..# #.###
#.#@o...............
#.# ##.##
#.#################.
#.###...#### #.# #.
#..........#
#.######## #.
#####...##.#
#........# ####.
######.###.#
########.# #....
.......# #.# #.#####
#.### ######## #.#
#..<..# #.# #.#
#####.# #.#


You could see an orc priest.

Vanquished Creatures
  An orc wizard (D:2)
  5 adders (D:2)
  2 ribbon worms
  2 orcs (D:2)
  5 endoplasms
  2 giant cockroaches
  5 goblins
  7 hobgoblins
  9 jackals
  4 kobolds
  4 quokkas
  6 ball pythons
  4 bats
  4 frilled lizards
  5 rats
65 creatures vanquished.

Notes
Turn   | Place    | Note
-------+----------+-------------------------------------------
     0 | D:1      | Arcadio the Gargoyle Earth Elementalist began the quest for
                  | the Orb.
     0 | D:1      | Reached XP level 1. HP: 10/10 MP: 3/3
   503 | D:1      | Reached XP level 2. HP: 15/15 MP: 3/5
   545 | D:1      | Reached skill level 1 in Armour
   759 | D:1      | Found Vissur's Antique Armour Emporium.
   862 | D:1      | Reached skill level 4 in Earth Magic
  1267 | D:2      | Reached XP level 3. HP: 19/19 MP: 2/6
  1271 | D:2      | Learned a level 3 spell: Stone Arrow
  1575 | D:2      | Reached XP level 4. HP: 24/24 MP: 5/8
  1658 | D:2      | Learned a level 4 spell: Brom's Barrelling Boulder
  1706 | D:2      | Found Mumat's Magic Scroll Emporium.
  1730 | D:2      | Bought a scroll of identify for 20 gold pieces
  2656 | D:3      | Found a glowing silver altar of Zin.
  2656 | D:3      | Noticed an angel
  3100 | D:2      | Reached XP level 5. HP: 27/28 MP: 6/9
  3269 | D:2      | Killed from afar by an orc priest

Illustrated notes

Levels and vault maps discovered:
D:1:      elethiomel_arrival_maze, layout_loops_corners, serial_shops,
          nicolae_shop_tiny_real_fake_doors
D:2:      layout_loops_ring, serial_shops, shop, minmay_crystal_room
D:3:      layout_loops_ring, zin_angel

Skill      XL: |  1  2  3  4 |
---------------+-------------+-----
Armour         | 1 2 |  2.9
Earth Magic    | 4 |  4.9
Spellcasting   | 3 |  3.2
Dodging        | |  1.5
Stealth        | |  2.1
Conjurations   | |  1.1

Action                     |  1- 3 |  4- 6 || total
---------------------------+-------+-------++-------
  Melee: Falchion          |     8 |    34 ||    42
   Cast: Sandblast         |    35 |    50 ||    85
    Use: Scroll            |       |     3 ||     3
   Stab: Sleeping          |     2 |     2 ||     4
         Distracted        |       |     1 ||     1
 Armour: Robe              |    15 |    46 ||    61
         Leather armour    |       |    10 ||    10
  Dodge: Dodged            |    15 |    44 ||    59
